 Dungeon Crawl Stone Soup version 0.18-a0-1805-g8ab820f (webtiles) character file.

42 M4edhros the Poker (level 3, -2/29 HPs)
             Began as a Mummy Chaos Knight on Apr 26, 2016.
             Slain by Ijyb the ice beast (shapeshifter) (4 damage)
             ... on level 2 of the Dungeon.
             The game lasted 00:01:33 (1051 turns).

M4edhros the Poker (Mummy Chaos Knight)             Turns: 1051, Time: 00:01:34

Health: -2/29      AC:  6    Str: 15    XL:     3   Next: 35%
Magic:  3/3        EV: 11    Int: 11    God:    Xom [.*....]
Gold:   127        SH:  0    Dex: 12    Spells: 0 memorised, 2 levels left

rFire  x . .     SeeInvis .     a - +0 spear (chaos)
rCold  + . .     Gourm    .     b - +2 leather armour
rNeg   + + +     Faith    .     (no shield)
rPois  ∞         Spirit   .     (no helmet)
rElec  .         Dismiss  .     (no cloak)
rCorr  .         Reflect  .     (no gloves)
SustAt .         Harm     .     d - +0 pair of boots
MR     .....                    i - amulet of inaccuracy (curse)
Stlth  +.........               (no ring)
                                e - ring of wizardry

@: not resistant to hostile enchantments, very unstealthy
A: no food or potions, fire vulnerability, cold resistance 1, negative energy
resistance 3, torment resistance, unbreathing
a: Renounce Religion


You were on level 2 of the Dungeon.
You worshipped Xom.
You were a plaything of Xom.
You were not hungry.

You visited 1 branch of the dungeon, and saw 2 of its levels.

You collected 127 gold pieces.

Inventory:

Hand Weapons
 a - a +0 spear of chaos (weapon)
 f - a +0 hunting sling
Missiles
 c - 36 stones (quivered)
Armour
 b - a +2 leather armour (worn)
 d - a +0 pair of boots (worn)
Jewellery
 e - a ring of wizardry (left hand)
 h - a +4 ring of protection {unknown}
 i - a cursed amulet of inaccuracy (around neck)
Scrolls
 g - a scroll of noise


   Skills:
 - Level 3.0 Fighting
 - Level 3.2 Polearms
 * Level 1.3 Slings
 - Level 1.5 Armour
 - Level 0.7 Dodging


You had 2 spell levels left.
You didn't know any spells.

Dungeon Overview and Level Annotations

Branches:
Dungeon (2/15)

Altars:

Annotations:
D:2 Ijyb


Innate Abilities, Weirdness & Mutations

You do not eat or drink.
Your flesh is vulnerable to fire.
You are immune to poison.
Your flesh is cold resistant.
You are immune to negative energy.
You are immune to unholy pain and torment.
You can survive without breathing.


Message History

You are too injured to fight recklessly!
Ijyb fails to defend itself.
You hit Ijyb but do no damage.
Ijyb flickers and vanishes!
Deactivating autopickup; reactivate with Ctrl-A.
You barely miss something. You closely miss something.
Something hits you but does no damage.
You miss something. Something hits you but does no damage.
You closely miss something. Something barely misses you.
You barely miss something. Something hits you but does no damage.
You closely miss something. You hit something but do no damage.
Something hits you but does no damage.
You miss something. Something hits you but does no damage.
You miss something. Something hits you.
* * * LOW HITPOINT WARNING * * *
Something freezes you. You resist.
* * * LOW HITPOINT WARNING * * *
You miss something. Something hits you.
* * * LOW HITPOINT WARNING * * *
Something freezes you. You resist.
You die... #........ #....... ....... .... ..... .... .... ... .## wK#

..# #...# #{# ####.#
#...# #@# #....# #...#
.%.#.#.###....###...# .
#...................##.
#......###....####..#..
#......#####.>.%.......
...##.###........##.....
.. #.. .........##.....
. #.. ......######.....
#.. ......######.....


You could see a worm and a kobold.

Vanquished Creatures
  A gnoll (D:1)
  2 oozes (D:1)
  A dart slug (D:1)
  A giant cockroach (D:1)
  4 goblins (D:1)
  2 hobgoblins (D:1)
  4 jackals (D:1)
  3 bats (D:1)
  A giant newt (D:1)
  3 kobolds (D:1)
  A rat (D:1)
23 creatures vanquished.

Notes
Turn   | Place    | Note
--------------------------------------------------------------
     0 | D:1      | M4edhros the Mummy Chaos Knight began the quest for the Orb.
     0 | D:1      | Reached XP level 1. HP: 18/18 MP: 1/1
   123 | D:1      | XOM: harmless Air miscast
   124 | D:1      | XOM: silly message
   130 | D:1      | Reached XP level 2. HP: 13/24 MP: 2/2
   389 | D:1      | Reached XP level 3. HP: 22/29 MP: 3/3
   393 | D:1      | Reached skill level 1 in Slings
   830 | D:2      | XOM: summons 1 hostile demon
   948 | D:2      | XOM: harmless Conj miscast
  1023 | D:2      | Noticed Ijyb
  1032 | D:2      | Noticed Ijyb
  1032 | D:2      | Ijyb changed into Ijyb the giant frog
  1033 | D:2      | Noticed Ijyb
  1033 | D:2      | Ijyb the giant frog changed into Ijyb the ice beast
  1051 | D:2      | Slain by Ijyb the ice beast (shapeshifter)

Vault maps used:
D:1:      lightli_arrival_isolated_outpost
D:2:      first_bread, uniq_iyjb

Skill      XL: |  1  2  3 |
---------------+----------+-----
Polearms       | 3 |  3.2
Slings         | 1 |  1.3
Fighting       | |  3.0
Armour         | |  1.5
Dodging        | |  0.7

Action                   || total
-------------------------++-------
Melee: Spear             ||   145
  Use: Scroll            ||     2
 Stab: Paralysed         ||     1
Armor: Leather armour    ||    65
Dodge: Dodged            ||    65
